 Dungeon Crawl Stone Soup version 0.25-a0-565-g8875c97ebb (webtiles) character file.

Game seed: 4119888721071409016, levelgen mode: deterministic

3702 Flugslaktarn the Cleaver (level 9, 65/88 HPs)
             Began as a Deep Dwarf Fighter on Feb 26, 2020.
             Quit the game on level 7 of the Dungeon.
             The game lasted 00:03:26 (3815 turns).

Flugslaktarn the Cleaver (Deep Dwarf Fighter)       Turns: 3815, Time: 00:03:27

Health: 65/88      AC: 11    Str: 22    XL:     9   Next: 91%
Magic:  0/0        EV:  8    Int: 10    God:
Gold:   190        SH: 11    Dex: 12    Spells: 8/8 levels left

rFire    . . .     SeeInvis .   a - +0 war axe
rCold    . . .     Gourm    +   c - +0 kite shield
rNeg     . . .     Faith    .   b - +0 scale mail
rPois    .         Spirit   .   v - +0 helmet
rElec    .         Reflect  .   g - +0 cloak
rCorr    .         Harm     .   (no gloves)
MR       ++...                  (no boots)
Stlth    ..........             i - amulet of the gourmand
HPRegen  0.00/turn              m - ring of protection from magic
MPRegen  0.07/turn              (no ring)

@: non-regenerating
A: damage resistance, heal wounds, mutation resistance 1, sense surroundings 2,
shaggy fur 1, MP-powered wands, no regeneration
a: Heal Wounds


You were on level 7 of the Dungeon.
You were completely stuffed.

You visited 2 branches of the dungeon, and saw 8 of its levels.

You collected 190 gold pieces.

Inventory:

Hand Weapons
 a - a +0 war axe (weapon)
Armour
 b - a +0 scale mail (worn)
 c - a +0 kite shield (worn)
 g - a +0 cloak (worn)
   (You found it on level 7 of the Dungeon)
 v - a +0 helmet (worn)
   (You found it on level 6 of the Dungeon)
Jewellery
 i - an amulet of the gourmand (around neck)
   (You found it on level 1 of the Dungeon)
 l - an uncursed ring of protection from magic
   (You took it off a centaur on level 6 of the Dungeon)
 m - a ring of protection from magic (left hand)
   (You found it on level 4 of the Dungeon)
 s - an uncursed ring of fire
   (You found it on level 5 of the Dungeon)
Scrolls
 f - a scroll of fog
 p - 3 scrolls of remove curse
 r - 3 scrolls of identify
 t - a scroll of teleportation
Potions
 d - a potion of might
 j - a potion of flight
 k - 2 potions of mutation
 q - 2 potions of curing
 u - a potion of brilliance
 w - a potion of heal wounds
Comestibles
 e - 7 rations


   Skills:
 * Level 8.0 Fighting
 * Level 9.4 Axes
 + Level 7.2 Armour
 + Level 7.1 Shields


You had 8 spell levels left.
You didn't know any spells.
Your spell library was empty.

Dungeon Overview and Level Annotations

Branches:
Dungeon (7/15)             Temple (1/1) D:4

Altars:
Ashenzari
Fedhas
Gozag
Hepliaklqana
Kikubaaqudgha
Nemelex Xobeh
Okawaru
Sif Muna
Trog
Uskayaw
Yredelemnul
Zin

Annotations:
D:4 3 runed translucent doors, EnegeticOcto's ghost, amateur DDFi


Innate Abilities, Weirdness & Mutations

You are resistant to damage.
You can heal yourself by infusing magical energy.
You passively map the area around you.
You do not regenerate.
You are somewhat resistant to further mutation.
You are covered in fur. (AC +1)
You expend magic power (3 MP) to strengthen your wands.


Message History

You slash the necrophage!
The necrophage is almost destroyed.
You block the necrophage's attack.
You barely miss the necrophage.
The necrophage is almost destroyed.
The necrophage hits you.
You hit the necrophage but do no damage.
The necrophage is almost destroyed.
The necrophage hits you.
You hit the necrophage.
You destroy the necrophage!
No target in view!
No target in view!
No target in view!
No target in view!
No target in view!
No target in view!
You start putting on your armour.
You continue putting on your cloak. x4
You finish putting on your +0 cloak.
Are you sure you want to abandon this character and quit the game? (Confirm with "yes".)

....# #.# #≈≈≈≈≈#≈#. .##.# #.#
##≈...§#≈#. .##.#
#.#**#⌠≈...≈#≈#. .##.#
#..,.##≈._..'.†. #...#
###*.#⌠§...≈#≈.. #.###
#####.##≈...≈#≈.. #.####
#.....##≈≈≈≈≈#≈##
..##.############.#.#.###⌠#⌠##≈#
.##.#...........@†.....######≈≈#
..<##..##########.#.#..###..####
......#.# #...........*
...#...#### ###.###..##.*
.##)).....###### #.# #..#*,#
.##))).^.......# #.###..##.#
.##..#.##..###.####.........#
.##..#.##....<......†...>###*
.##..#.###.###.########..#


There were no monsters in sight!

Vanquished Creatures
  Pikel (D:4)
  Grinder (D:6)
  Eustachio (D:4)
  A wraith (D:7)
  2 steam dragons (D:5)
  An orc warrior (D:7)
  A sky beast (D:6)
  4 slaves (D:4)
  A water moccasin (D:6)
  An ice beast (D:6)
  A necrophage (D:7)
  4 ogres
  2 phantoms
  A centaur (D:6)
  4 bullfrogs
  A scorpion (D:4)
  6 killer bees (D:6)
  2 hounds
  2 bullfrog zombies
  A gnoll shaman (D:7)
  A jelly (D:6)
  6 orc priests
  3 orc wizards
  A centaur skeleton (D:7)
  An iguana (D:7)
  5 worker ants
  A hound zombie (D:6)
  5 gnolls (D:7)
  A howler monkey skeleton (D:6)
  7 adders
  3 shadow imps
  An adder skeleton (D:5)
  A dart slug (D:1)
  3 leopard geckos
  21 orcs
  A ball python (D:2)
  2 giant cockroaches (D:6)
  2 hobgoblins (D:2)
  7 jackals
  2 kobolds (D:1)
  4 quokkas
  2 bats
  2 frilled lizards
  3 goblins
  2 rats (D:1)
  A spectral orc (D:6)
  A plant (D:4)
127 creatures vanquished.

Notes
Turn   | Place    | Note
-------+----------+-------------------------------------------
     0 | D:1      | Flugslaktarn the Deep Dwarf Fighter began the quest for the
                  | Orb.
     0 | D:1      | Reached XP level 1. HP: 20/20 MP: 1/1
   117 | D:1      | Reached XP level 2. HP: 10/27 MP: 2/2
   296 | D:2      | Reached XP level 3. HP: 32/34 MP: 2/2
   316 | D:2      | Reached skill level 3 in Axes
   389 | D:3      | Reached XP level 4. HP: 40/42 MP: 3/3
   468 | D:4      | Noticed Pikel
   468 | D:4      | Noticed a slave
   468 | D:4      | Noticed a slave
   468 | D:4      | Noticed a slave
   468 | D:4      | Noticed a slave
   488 | D:4      | Killed a slave
   492 | D:4      | Killed a slave
   496 | D:4      | Killed a slave
   505 | D:4      | Killed a slave
   535 | D:4      | Killed Pikel
   535 | D:4      | Reached skill level 5 in Axes
   535 | D:4      | Reached XP level 5. HP: 47/51 MP: 3/3
   535 | D:4      | Reached XP level 6. HP: 55/60 MP: 4/4
   535 | D:4      | Reached XP level 7. HP: 61/66 MP: 5/5
   561 | D:4      | Found a runed translucent gate.
   562 | D:4      | Found a runed translucent gate.
   563 | D:4      | Found a runed translucent gate.
   564 | D:4      | Noticed EnegeticOcto's ghost (amateur DDFi)
   638 | D:4      | Found a staircase to the Ecumenical Temple.
   645 | D:4      | Noticed Eustachio
   721 | D:4      | Killed Eustachio
   721 | D:4      | Reached skill level 5 in Fighting
   721 | D:4      | Reached skill level 5 in Armour
   721 | D:4      | Reached skill level 5 in Shields
   728 | Temple   | Entered the Ecumenical Temple
   890 | D:4      | Reached skill level 6 in Axes
  1337 | D:5      | Entered Level 5 of the Dungeon
  1475 | D:5      | Reached XP level 8. HP: 71/75 MP: 6/6
  1770 | D:6      | Reached skill level 7 in Axes
  2288 | D:6      | Noticed Grinder
  2308 | D:6      | Killed Grinder
  2308 | D:6      | Reached skill level 8 in Axes
  2308 | D:6      | Gained mutation: You passively map the area around you.
                  | [Deep Dwarf growth]
  2308 | D:6      | Reached XP level 9. HP: 63/85 MP: 5/5
  2578 | D:6      | Found a basalt altar of Yredelemnul.
  2742 | D:6      | Gained mutation: You expend magic power (3 MP) to
                  | strengthen your wands. [potion of mutation]
  2742 | D:6      | Gained mutation: You are somewhat resistant to further
                  | mutation. [potion of mutation]
  2742 | D:6      | Gained mutation: You are covered in fur. (AC +1) [potion of
                  | mutation]
  3115 | D:6      | Noticed a four-headed hydra
  3279 | D:7      | Reached skill level 9 in Axes
  3558 | D:7      | Found a shattered altar of Ashenzari.
  3627 | D:7      | Found a bloodstained altar of Trog.
  3815 | D:7      | Quit the game

Levels and vault maps discovered:
D:1:      minmay_arrival_hallway, layout_basic, minmay_misc_feat_hallway,
          minmay_misc_feat_doors, minmay_pentomino_z4
D:2:      layout_loops_ring
D:3:      layout_basic, nicolae_overflow_crystal_walls,
          minmay_overflow_temple_hex
D:4:      layout_loops_ring, minmay_temple_entry_gardened_gates, first_ration,
          gammafunk_ghost_necromancy, uniq_eustachio, uniq_pikel
D:5:      kennysheep_steamy, layout_cave_pods
D:6:      cheibrodos_barr_body, layout_basic,
          yredelemnul_forgotten_temple_becter, hangedman_decor_points,
          uniq_grinder
D:7:      layout_loops_ring, lightli_temple_of_fire, evilmike_ruin_ashenzari
Temple:   compressed_dpeg_circular_temple

Skill      XL: |  1  2  3  4  5  6  7  8  9 |
---------------+----------------------------+-----
Fighting       | 3 4 5 6 8 |  8.0
Axes           | 3 5 6 8 9 |  9.4
Armour         | 4 5 6 7 |  7.2
Shields        | 4 5 6 7 |  7.1

Action                   |  1- 3 |  4- 6 |  7- 9 || total
-------------------------+-------+-------+-------++-------
Melee: War axe           |    91 |    76 |   495 ||   662
 Abil: Heal Wounds       |     3 |     7 |    35 ||    45
  Use: Scroll            |       |       |    14 ||    14
       Potion            |       |       |     2 ||     2
  Eat: Chunk             |       |       |    22 ||    22
Armor: Scale mail        |    45 |    54 |   239 ||   338
Dodge: Dodged            |    41 |    56 |   191 ||   288
Block: Kite shield       |    41 |    67 |   315 ||   423

Table legend:
 A = Non-vault XP
 B = Vault XP
 C = Vault XP percentage of total XP
 D = Non-vault monster count
 E = Vault monster count
 F = Vault count percentage of total count
                 A         B        C        D         E       F
            +---------+---------+-------+---------+---------+-------
      Total |    3251 |    2038 |  38.5 |     107 |      15 |  12.3
            +---------+---------+-------+---------+---------+-------
        D:1 |      13 |       1 |   7.1 |       7 |       1 |  12.5
        D:2 |      33 |       0 |   0.0 |      12 |       0 |   0.0
        D:3 |     126 |       0 |   0.0 |       7 |       0 |   0.0
        D:4 |     277 |     926 |  77.0 |      15 |       2 |  11.8
        D:5 |     260 |     364 |  58.3 |       9 |       2 |  18.2
        D:6 |    1561 |     747 |  32.4 |      31 |      10 |  24.4
        D:7 |     981 |       0 |   0.0 |      26 |       0 |   0.0
            +---------+---------+-------+---------+---------+-------
